 Dungeon Crawl Stone Soup version 0.31-a0-246-g8cbcc1cb85 (webtiles) character file.

Game seed: 1304288416191922149

472 gruber the Ruffian (level 6, -4/44 HPs)
             Began as a Demonspawn Shapeshifter on July 13, 2023.
             Killed by nerve-wracking pain
             ... invoked by Grinder
              (12 damage)
             ... on level 4 of the Dungeon.
             The game lasted 00:03:51 (3435 turns).

gruber the Ruffian (Demonspawn Shapeshifter)        Turns: 3435, Time: 00:03:51

Health: -4/44      AC:  2    Str: 17    XL:     6   Next: 83%
Magic:  6/6        EV: 12    Int: 10    God:
Gold:   124        SH:  0    Dex: 13    Spells: 5/5 levels left

rFire   . .          .
                       - Unarmed
rCold   . . .        (no shield)
rNeg    . . .        a - +0 animal skin
rPois   .            (helmet currently unavailable)
rElec   .            (cloak currently unavailable)
rCorr   .            (gloves currently unavailable)
SInv    .            (boots currently unavailable)
Will    .....        (no amulet)
Stlth   +            (no ring)
HPRegen 0.27/turn    (no ring)
MPRegen 0.10/turn

%: no passive effects
@: beast-form
A: beast (slay +1), claws 2
a: no special abilities


You were on level 4 of the Dungeon.
You were a hulking beast.
You visited 1 branch of the dungeon, and saw 4 of its levels.

You collected 124 gold pieces.

Inventory:

Missiles
 n - 2 throwing nets
Armour
 a - a +0 animal skin (worn)
Talismans
 c - a beast talisman
Wands
 p - a wand of paralysis (10)
Scrolls
 d - a scroll of poison {unknown}
 f - a scroll of revelation {unknown}
 k - a scroll of teleportation {unknown}
 l - a scroll of blinking {unknown}
 m - a scroll of identify {unknown}
 q - a scroll of amnesia {unknown}
Potions
 b - 2 potions of lignification
 e - a potion of heal wounds
 g - 2 potions of attraction
 h - a potion of might {unknown}
 i - a potion of degeneration {unknown}
 j - a potion of enlightenment {unknown}
 o - a potion of magic {unknown}


   Skills:
 - Level 2.0 Fighting
 - Level 1.7 Dodging
 + Level 6.8 Unarmed Combat
 - Level 2.6 Shapeshifting


You had 5 spell levels left.
You didn't know any spells.
Your spell library was empty.

Dungeon Overview and Level Annotations

Branches:
Dungeon (4/15)
 Temple: D:4-7

Altars:
Makhleb

Shops:
D:3 =   D:4 [!

Annotations:
D:2 1 runed translucent door, Crazy Yiuf
D:3 2 transporters, P0068685's ghost, weakling TrGl
D:4 Grinder


Innate Abilities, Weirdness & Mutations

You are a hulking beast.
Your limbs bulge with bestial killing power. (Slay +1)
You have very sharp fingernails.


Message History

You kill the orc!
You claw the orc!
You kill the orc!
No target in view!
You claw the orc!
You kill the orc!
The orc priest mumbles some strange prayers to Beogh against you.
Pain shoots through your body!
Items here: ( ))))) [ †††.
The orc priest hits you with a +0 flail.
Grinder comes into view.
You claw the orc priest!
You kill the orc priest!
Things that are here:
a +0 flail; a +0 leather armour; an orc corpse Grinder completely misses you.
You barely miss Grinder. Grinder hits you but does no damage.
You barely miss Grinder.
Grinder grins, showing sharp teeth.
Grinder blinks!
You scratch Grinder.
Grinder is lightly wounded.
Grinder hits you!
You writhe in agony.
You claw Grinder!
Grinder is moderately wounded.
Grinder blinks!
Grinder says, "I used to sell toenails on the black market."
Grinder hits you!
You writhe in agony.
* * * LOW HITPOINT WARNING * * *
You scratch Grinder.
Grinder is moderately wounded.
Grinder hits you.
* * * LOW HITPOINT WARNING * * *
You writhe in agony.
* * * LOW HITPOINT WARNING * * *
You completely miss Grinder.
Grinder is moderately wounded.
Grinder gestures at you. Pain shoots through your body!
You die...

#...####.## #o...
.......∩..#### #.....
...###.......# #.. ..
.....#.......# #.# ..
.....#.......###.# .#
#.#...........##.# .#
#.#..#.......##..# .#
#.#..#.......#...##.#.#
<....#.......).5h.....#
....#####.........[.###
#.### #.............#
.#.## #.####.#......#
###.###.# #.##.#...# #
##<)..# .........#
###<##..# ##.#.#...##
.#.## .........#....
#.## #......


You could see Grinder.

Vanquished Creatures
  Sigmund (D:3)
  2 orc priests (D:4)
  Natasha (D:3)
  An orc wizard (D:4)
  7 adders
  3 gnolls (D:2)
  2 dart slugs
  14 orcs
  6 ball pythons
  10 bats
  5 endoplasms
  4 giant cockroaches
  4 goblins
  4 hobgoblins
  9 jackals
  5 quokkas
  3 frilled lizards
  7 kobolds
  2 rats
90 creatures vanquished.

Notes
Turn   | Place    | Note
-------+----------+-------------------------------------------
     0 | D:1      | gruber the Demonspawn Shapeshifter began the quest for the
                  | Orb.
     0 | D:1      | Reached XP level 1. HP: 16/16 MP: 1/1
    33 | D:1      | Reached skill level 2 in Unarmed Combat
   188 | D:1      | Gained mutation: You have sharp fingernails. [demonic
                  | ancestry]
   188 | D:1      | Reached XP level 2. HP: 22/22 MP: 2/2
   327 | D:1      | Reached skill level 3 in Unarmed Combat
   442 | D:1      | Reached XP level 3. HP: 27/27 MP: 3/3
   561 | D:1      | Found a faded altar of an unknown god.
  1092 | D:2      | Found a runed translucent door.
  1093 | D:2      | Noticed Crazy Yiuf
  1547 | D:2      | Reached skill level 4 in Unarmed Combat
  1547 | D:2      | Reached XP level 4. HP: 30/33 MP: 4/4
  1684 | D:2      | HP: 1/33 [poisoned by an adder]
  2255 | D:3      | Reached XP level 5. HP: 36/38 MP: 5/5
  2257 | D:3      | Found Tuzxat's Jewellery Boutique.
  2407 | D:3      | Found a burning altar of Makhleb.
  2432 | D:3      | Reached skill level 5 in Unarmed Combat
  2523 | D:3      | Found a transporter.
  2534 | D:3      | Noticed P0068685's ghost (weakling TrGl)
  2538 | D:3      | Found a transporter.
  2830 | D:3      | Noticed Sigmund
  2838 | D:3      | Killed Sigmund
  2839 | D:3      | Reached skill level 6 in Unarmed Combat
  2839 | D:3      | Gained mutation: You have very sharp fingernails. [demonic
                  | ancestry]
  2839 | D:3      | Reached XP level 6. HP: 22/44 MP: 6/6
  2941 | D:3      | Noticed Natasha
  2945 | D:3      | Killed Natasha
  3366 | D:4      | Found Quwoymao's Antique Armour Boutique.
  3393 | D:4      | Found Roys Ytz's Distillery.
  3422 | D:4      | Noticed Grinder
  3435 | D:4      | Killed from afar by Grinder

Illustrated notes

Levels and vault maps discovered:
D:1:      minmay_arrival_radiant_lines, layout_loops_cross,
          hellmonk_ecumenical_altar_leap_of_faith, fountainhead, st_stairs_5
D:2:      layout_loops_corners, basic_altar, uniq_crazy_yiuf_cottage
D:3:      layout_basic, mainiacjoe_overflow_paths, elyvilon_altar_5,
          gammafunk_ghost_arena, serial_shops, shop, uniq_sigmund, uniq_natasha
D:4:      layout_loops_cross, serial_shops, shop, nicolae_lakefront_shop, shop,
          shop, shop, patterned_corridor, uniq_grinder, uniq_eustachio,
          uniq_blork_the_orc

Skill      XL: |  1  2  3  4  5 |
---------------+----------------+-----
Unarmed Combat | 2 3 4 6 |  6.8
Fighting       | |  2.0
Dodging        | |  1.7
Shapeshifting  | |  2.6

Action                     |  1- 3 |  4- 6 || total
---------------------------+-------+-------++-------
  Melee: Unarmed           |    72 |   112 ||   184
         Punch             |     4 |     3 ||     7
    Use: Potion            |       |     2 ||     2
   Stab: Sleeping          |     1 |       ||     1
 Armour: Animal skin       |    20 |     3 ||    23
  Dodge: Dodged            |    47 |    55 ||   102

Table legend: (Time is in decaauts)
 A = Elapsed time spent in this place.
 B = Non-inter-level travel time spent in this place.
 C = Inter-level travel time spent in this place.
 D = Time resting spent in this place.
 E = Time spent auto-exploring this place.
 F = Levels seen in this place.
 G = Mean time per level.
                   A        B        C        D        E       F      G
               +--------+--------+--------+--------+--------+-----+--------+
         Total |   3421 |   3278 |    143 |     30 |   2722 |   4 |  855.2 |
       Dungeon |   3421 |   3278 |    143 |     30 |   2722 |   4 |  855.2 |
               +--------+--------+--------+--------+--------+-----+--------+

Top non-repeatable levels by time:
     D:2: 1364 daAuts
     D:3: 996 daAuts
     D:1: 861 daAuts
     D:4: 198 daAuts
